 Dungeon Crawl Stone Soup version 0.18-a0-1577-gf591c28 (webtiles) character file.

424 M4edhros the Sneak (level 6, -5/38 HPs)
             Began as an Octopode Artificer on Mar 22, 2016.
             Killed from afar by an orc wizard (6 damage)
             ... with a puff of frost
             ... on level 4 of the Dungeon.
             The game lasted 00:02:51 (2923 turns).

M4edhros the Sneak (Octopode Artificer)             Turns: 2923, Time: 00:02:52

Health: -5/38      AC:  5    Str: 15    XL:     6   Next: 96%
Magic:  15/17      EV:  8    Int: 15    God:
Gold:   169        SH: 14    Dex: 14    Spells: 0 memorised, 5 levels left

rFire  + . .     SeeInvis .     k - +5 dagger of Pussuetz {elec, *Confuse Str+5}
rCold  x . .     Gourm    .     i - +0 large shield
rNeg   . . .     Faith    .     (helmet restricted)
rPois  .         Spirit   .     (no amulet)
rElec  .         Dismiss  .     j - +4 ring of protection
rCorr  .         Reflect  .     o - ring of magical power
SustAt .         Harm     .     r - ring of fire
MR     .....                    (no ring)
Stlth  ++++......               (no ring)
                                (no ring)
                                (no ring)
                                (no ring)

@: not resistant to hostile enchantments, stealthy
A: almost no armour, amphibious, 8 rings, constrict 8, camouflage 1, gelatinous
body 1
a: no special abilities


You were on level 4 of the Dungeon.
You were not hungry.

You visited 1 branch of the dungeon, and saw 4 of its levels.

You collected 169 gold pieces.

Inventory:

Hand Weapons
 a - a +0 short sword
 k - the +5 dagger of Pussuetz (weapon) {elec, *Confuse Str+5}
   (You found it on level 4 of the Dungeon)

   Occasionally, upon striking a foe, it will discharge some electrical energy
   and cause terrible harm.
   It affects your strength (+5).
   It may confuse you when you take damage.
Missiles
 l - 94 stones (quivered)
 n - 30 sling bullets
Armour
 i - a +0 large shield (worn)
Jewellery
 j - a +4 ring of protection (left tentacle)
 o - a ring of magical power (right tentacle)
 r - a ring of fire (on tentacle)
Wands
 b - a wand of flame (13/48)
 c - a wand of enslavement (15/24)
 d - a wand of random effects (14/48)
Scrolls
 e - a scroll of fear {unknown}
 h - 6 scrolls of identify {unknown}
 q - a scroll of fog {unknown}
 t - a scroll of magic mapping {unknown}
 w - 2 scrolls of amnesia {unknown}
 y - a scroll of enchant armour {unknown}
Potions
 m - a potion of mutation {unknown}
 p - a potion of ambrosia {unknown}
 s - a potion of flight {unknown}
 x - a potion of curing {unknown}
Comestibles
 f - a bread ration
 g - a meat ration
 u - a chunk of flesh
 v - a beef jerky


   Skills:
 - Level 1.0 Fighting
 - Level 1.0 Short Blades
 - Level 2.0 Dodging
 * Level 5.9 Stealth
 + Level 5.3 Shields
 - Level 3.2 Evocations


You had 5 spell levels left.
You didn't know any spells.

Dungeon Overview and Level Annotations

Branches:
Dungeon (4/15)
 Temple: D:4-7

Altars:
Sif Muna
The Shining One

Annotations:
D:4 Uhlv's ghost, amateur GrFi


Innate Abilities, Weirdness & Mutations

You cannot wear most types of armour.
You are amphibious.
You can wear up to eight rings at the same time.
You can use your tentacles to constrict eight enemies at once.
Your skin changes colour to match your surroundings (Stealth).
Your rubbery body absorbs attacks (AC +1).


Message History

Found 30 bolts.
An orc comes into view. It is wielding a flail.
Found a scroll labeled TAUMOSTR PUMUM.
An orc is nearby!
A worm, a worker ant, an orc and an orc wizard come into view.
Found 2 scrolls labeled TEFOIM INACLOSUQE.
An orc priest comes into view.
The orc priest invokes the aid of Beogh against you.
Beogh smites you!
The orc priest looks braver for a moment.
The orc wizard casts a spell at you. The puff of frost hits you!
You feel a terrible chill!
The orc shouts!
The orc shouts!
The orc priest invokes the aid of Beogh against you.
Beogh smites you!
* * * LOW HITPOINT WARNING * * *
The orc wizard casts a spell at you. The puff of frost hits you!
You feel a terrible chill!
You die...

##### ...#
###.########
#..........# ######
#.#.######.#
...o..##.#.######.##
..a...............#
###o......#####..##
#?o@............#
....w.o..(.######...#
#####?##.#.# #...# #.
#.#.######...# #
#............####
###.#######...... .
#####..####
.............
#####...#.#.


You could see a worm, a worker ant, an orc priest, an orc wizard and 2 orcs.

Vanquished Creatures
  Eustachio (D:4)
  A scorpion (D:4)
  A hound (D:4)
  An orc priest (D:4)
  3 orc wizards
  5 adders
  A worm (D:3)
  2 dart slugs
  4 orcs
  2 giant cockroaches
  7 goblins
  5 hobgoblins
  7 kobolds
  11 bats
  4 giant newts
  A jackal skeleton (D:4)
  5 rats
61 creatures vanquished.

Notes
Turn   | Place    | Note
--------------------------------------------------------------
     0 | D:1      | M4edhros the Octopode Artificer began the quest for the Orb.
     0 | D:1      | Reached XP level 1. HP: 13/13 MP: 3/3
   338 | D:1      | Reached XP level 2. HP: 11/18 MP: 4/4
   563 | D:1      | Reached skill level 1 in Shields
   949 | D:2      | Reached XP level 3. HP: 21/23 MP: 5/5
  1018 | D:2      | Found a glowing golden altar of the Shining One.
  1935 | D:3      | Reached XP level 4. HP: 24/28 MP: 6/6
  2001 | D:3      | Reached XP level 5. HP: 31/33 MP: 7/7
  2293 | D:3      | Found a deep blue altar of Sif Muna.
  2443 | D:4      | Got a crude dagger
  2444 | D:4      | Identified the +5 dagger of Pussuetz {elec, *Confuse Str+5} (You found it on level 4 of the Dungeon)
  2523 | D:4      | Reached XP level 6. HP: 18/38 MP: 8/8
  2549 | D:4      | Noticed Uhlv's ghost (amateur GrFi)
  2873 | D:4      | Noticed Eustachio
  2890 | D:4      | Killed Eustachio
  2890 | D:4      | Reached skill level 5 in Stealth
  2890 | D:4      | Reached skill level 5 in Shields
  2923 | D:4      | HP: 1/38 [orc priest/divine providence (15)]
  2923 | D:4      | Killed from afar by an orc wizard

Vault maps used:
D:1:      lightli_arrival_statue_moat, nrook_mini_vaults, st_stairs_8,
          serial_bayou_lake_a
D:2:      nicolae_tso_swordbearing_angel
D:3:      lemuel_blue_sif_altar
D:4:      first_bread, uniq_eustachio, uniq_blork_the_orc

Skill      XL: |  1  2  3  4  5  6 |
---------------+-------------------+-----
Stealth        | 2 3 5 |  5.9
Shields        | 2 3 4 5 |  5.3
Fighting       | |  1.0
Short Blades   | |  1.0
Dodging        | |  2.0
Evocations     | |  3.2

Action                   |  1- 3 |  4- 6 || total
-------------------------+-------+-------++-------
Melee: Short sword       |    76 |    25 ||   101
       Dagger            |       |    33 ||    33
Evoke: Wand              |       |     3 ||     3
  Use: Potion            |     4 |       ||     4
 Stab: Sleeping          |    11 |       ||    11
       Confused          |       |     1 ||     1
  Eat: Chunk             |     3 |     3 ||     6
